Match 37335635
Unlisted

Match 37335635
End
Kradschützen Motorcycle Team
Panzerpioneer Squad
250 Light Carrier
250 Light Carrier
Construct Light Support Kompanie
Combat Half-tracks
Construct Mechanized Kompanie
Selects Armored Support Battlegroup
Selects Veteran Gunners
8 Rad Armored Car
Vehicle Survival Package
Assault Mechanized Group
Support Armor Elements
254 Reconnaissance Tractor
Emergency Repair Kits
Rapid Advance
Selects Flammpanzer III Medium Tank
Flammpanzer III Medium Tank
Marder III Tank Destroyer
Tungsten Core Ammunition
Selects Salvage Kits
Selects Panzer Storm
Marder III Tank Destroyer
Flammpanzer III Medium Tank
CPU - VERY EASY
Akaxiya
1E-02 | M. Prower
kingfrosty
0
0

Comments sign in to comment!

No comments posted yet!